[Event "Titled Tuesday Blitz November 29 Early 2022"]
[White "Fiedorek, Michal"]
[Black "Sellitti, Federico"]
[WhiteFideId "1199528"]
[BlackFideId "821829"]
[WhiteElo "2201"]
[BlackElo "2602"]
[Result "0-1"]
[Round "06"]
[TimeControl "180+1"]
[Date "2022.11.30"]
[WhiteClock "0:00:03"]
[BlackClock "0:00:11"]

1. Nf3 Nf6 2. d4 d5 3. c4 g6 4. Nc3 Bg7 5. cxd5 Nxd5 6. e3 c5 7. Bb5+ Nc6 8. O-O O-O 9. Qb3 Nxc3 10. bxc3 Be6 11. Qa4 Bd5 12. Be2 cxd4 13. cxd4 e5 14. Bb2 exd4 15. Nxd4 Qg5 16. g3 Qh6 17. Rad1 Qh3 18. f3 Rfe8 19. e4 Nxd4 20. Bxd4 Bc6 21. Qb4 Qe6 22. Bxg7 Kxg7 23. a4 h5 24. a5 h4 25. Qd4+ Kh7 26. gxh4 Qe7 27. Qf2 Rad8 28. Qxa7 Qxh4 29. Qf2 Qg5+ 30. Kh1 Qxa5 31. Rg1 Rxd1 32. Bxd1 Qc3 33. Be2 b5 34. Qh4+ Kg7 35. Rd1 Qe3 36. Qe1 Rxe4 37. Rd2 Rf4 38. Qa1+ Kh7 39. Rd8 Bxf3+ 40. Bxf3 Qxf3+ 41. Kg1 Rg4# 0-1


[Site "https://www.chess.com"]

[Event "Titled Tuesday Blitz November 29 Early 2022"]
[White "Floresvillar Gonzalez, Luis Migu"]
[Black "De Souza, Cristiano Gomes"]
[WhiteFideId "5100542"]
[BlackFideId "2151758"]
[WhiteElo "2040"]
[BlackElo "2068"]
[Result "1-0"]
[Round "06"]
[TimeControl "180+1"]
[Date "2022.11.30"]
[WhiteClock "0:01:03"]
[BlackClock "0:01:30"]

1. e4 c5 2. d4 cxd4 3. c3 dxc3 4. Nxc3 Nc6 5. Bc4 a6 6. Nf3 e6 7. Qe2 Nge7 8. Bg5 f6 9. Be3 Ng6 10. h4 Bb4 11. h5 Nge5 12. Nxe5 Nxe5 13. Bb3 O-O 14. h6 g6 15. f4 Nc6 16. O-O-O Bxc3 17. bxc3 Qe7 18. f5 Na5 19. fxg6 Nxb3+ 20. axb3 Qa3+ 21. Kc2 Qa2+ 22. Kd3 Qxe2+ 23. Kxe2 hxg6 24. h7+ Kh8 25. g4 Rf7 26. Rh6 Rxh7 27. Rxg6 Rh2+ 28. Kd3 d5 29. Rxf6 Kh7 30. Rf7+ Kg6 31. Rdf1 1-0


[Site "https://www.chess.com"]

[Event "Titled Tuesday Blitz November 29 Early 2022"]
[White "Fromm, Marius"]
[Black "Zemlyanskii, Ivan"]
[WhiteFideId "12993190"]
[BlackFideId "24249971"]
[WhiteElo "2325"]
[BlackElo "2107"]
[Result "0-1"]
[Round "06"]
[TimeControl "180+1"]
[Date "2022.11.30"]
[WhiteClock "0:00:02"]
[BlackClock "0:00:18"]

1. e4 c5 2. Nf3 d6 3. d4 cxd4 4. Nxd4 Nf6 5. Nc3 a6 6. g3 e5 7. Nde2 Be7 8. Bg2 O-O 9. O-O b5 10. Nd5 Nxd5 11. Qxd5 Ra7 12. Be3 Be6 13. Qd3 Rb7 14. b3 Nd7 15. Nc3 Rc7 16. Nd5 Bxd5 17. Qxd5 Rxc2 18. a4 bxa4 19. Rxa4 Nc5 20. Qd1 Rb2 21. Bxc5 dxc5 22. Rxa6 Rd2 23. Qa1 Qb8 24. Ra2 Rd4 25. Qc3 Rfd8 26. Rb2 Qb6 27. Re1 Bg5 28. Rf1 Bd2 29. Qc2 Bb4 30. Bf3 g6 31. Kg2 Rd2 32. Qc1 R2d3 33. Rd1 Qb7 34. Rxd3 Rxd3 0-1


[Site "https://www.chess.com"]

[Event "Titled Tuesday Blitz November 29 Early 2022"]
[White "Gabdrakhmanov, Azat"]
[Black "Bettalli, Francesco"]
[WhiteFideId "34189197"]
[BlackFideId "2816453"]
[WhiteElo "2254"]
[BlackElo "2216"]
[Result "0-1"]
[Round "06"]
[TimeControl "180+1"]
[Date "2022.11.30"]
[WhiteClock "0:00:02"]
[BlackClock "0:00:21"]

1. e4 e5 2. Nf3 Nf6 3. d4 Nxe4 4. Bd3 d5 5. dxe5 Nc6 6. O-O Bg4 7. Bf4 Be7 8. Nc3 Nxc3 9. bxc3 Qd7 10. Rb1 Nd8 11. h3 Bh5 12. Re1 c6 13. Bg3 Ne6 14. Bf5 O-O 15. Bg4 Bxg4 16. hxg4 Nc5 17. Nd4 Ne4 18. Re3 Bc5 19. Bh2 Qe7 20. f3 Qg5 21. Qe1 f6 22. fxe4 fxe5 23. Rd1 exd4 24. cxd4 Bb6 25. e5 Qxg4 26. c3 Rae8 27. Rg3 Qh5 28. Qd2 Rxe5 29. Rh3 Qg6 30. Bxe5 Qe4 31. Qd3 Qxe5 32. Qxh7+ Kf7 33. Rf1+ Ke7 34. Rxf8 Kxf8 35. Qh8+ Ke7 36. Qh4+ Kd7 37. Qf2 Qg5 38. Re3 Bd8 39. Qf7+ Kc8 40. Qe6+ Kc7 41. Qe5+ Qxe5 42. Rxe5 Bf6 43. Re3 Kd6 44. Kf2 c5 45. dxc5+ Kxc5 46. Ke2 Kc4 47. Re8 Bxc3 48. Re7 d4 49. Rxb7 d3+ 50. Kd1 Bd4 51. Rc7+ Kd5 52. Rb7 Ke4 53. Rf7 Ke3 54. Rf3+ Ke4 55. a4 Bc3 56. Rg3 Be5 57. Rg6 Ke3 58. Ra6 Bd4 59. a5 g5 60. Rg6 Kf4 61. a6 g4 62. Rd6 Ke5 63. Rd7 Ke4 64. Re7+ Kf4 65. Kd2 Kg3 66. Kxd3 Bb6 67. Re6 Bf2 68. Re2 Kxg2 69. Rb2 g3 0-1


[Site "https://www.chess.com"]

[Event "Titled Tuesday Blitz November 29 Early 2022"]
[White "Gabrielian, Artur"]
[Black "Sadubayev, Airat"]
[WhiteFideId "4131002"]
[BlackFideId "13713264"]
[WhiteElo "2432"]
[BlackElo "2160"]
[Result "0-1"]
[Round "06"]
[TimeControl "180+1"]
[Date "2022.11.30"]
[WhiteClock "0:00:04"]
[BlackClock "0:00:06"]

1. e4 c6 2. d4 d5 3. e5 Bf5 4. h4 h5 5. Bd3 Bxd3 6. Qxd3 e6 7. Nf3 Ne7 8. Bg5 Qa5+ 9. Nbd2 Nf5 10. O-O Be7 11. Bxe7 Nxe7 12. Ng5 Nf5 13. g3 Qa6 14. c4 Nd7 15. b3 Rd8 16. Qc3 O-O 17. cxd5 cxd5 18. Rfc1 Nb8 19. Ndf3 Nc6 20. Qd2 Rc8 21. Rc3 Nce7 22. Rac1 Rc6 23. Rxc6 Nxc6 24. Rc5 Rc8 25. Qc3 Qxa2 26. b4 a6 27. Kg2 Qe2 28. Nh3 g6 29. Nf4 Qe4 30. Kg1 Rf8 31. Rxc6 bxc6 32. Nh3 Rc8 33. Nhg5 Qe2 34. Qc5 Qb5 35. Qa7 Rf8 36. Qd7 Qxb4 37. Nxe6 fxe6 38. Qxe6+ Kg7 39. Ng5 Qe7 40. Qxc6 Nxd4 41. Qxd5 Rd8 42. Qc4 a5 43. e6 a4 44. Qxa4 Nxe6 45. Qe4 Re8 46. Nf3 Qf6 47. Qb7+ Re7 48. Qa8 Nf8 49. Ng5 Ne6 50. Nf3 Rf7 51. Kg2 Nd4 0-1


[Site "https://www.chess.com"]

[Event "Titled Tuesday Blitz November 29 Early 2022"]
[White "Gatterer, Florian"]
[Black "Ronka, Erik"]
[WhiteFideId "811688"]
[BlackFideId "505080"]
[WhiteElo "2218"]
[BlackElo "2264"]
[Result "0-1"]
[Round "06"]
[TimeControl "180+1"]
[Date "2022.11.30"]
[WhiteClock "0:00:01"]
[BlackClock "0:00:10"]

1. c4 Nf6 2. Nf3 e6 3. Nc3 Bb4 4. Qc2 O-O 5. a3 Bxc3 6. Qxc3 b6 7. e3 Bb7 8. b4 d6 9. Bb2 Nbd7 10. Be2 c5 11. O-O Rc8 12. Qb3 Qe7 13. d3 Rfd8 14. Rac1 h6 15. Rfd1 e5 16. e4 Nf8 17. g3 g6 18. Bf1 Ne6 19. Bh3 Bc6 20. Rf1 Rb8 21. b5 Bd7 22. Bg2 Ng5 23. Rce1 Nxf3+ 24. Bxf3 Nh7 25. Bc1 Kg7 26. Bg2 Nf8 27. f4 f6 28. Qd1 Ne6 29. Qd2 g5 30. fxg5 fxg5 31. Rf2 Rf8 32. Ref1 Rxf2 33. Rxf2 Rf8 34. Bb2 Rxf2 35. Qxf2 Nf8 36. Qf1 Be6 37. Bh3 Qd7 38. Bxe6 Qxe6 39. Qf3 Ng6 40. Kg2 Nf8 41. Bc3 Nd7 42. Bd2 Nf6 43. Be3 Kg6 44. h3 h5 45. Bd2 Nd7 46. Qe3 Qf6 47. h4 gxh4 48. gxh4 Qxh4 49. Qh6+ Kf7 50. Bg5 Qg4+ 51. Kf2 Nf8 52. Qf6+ Kg8 53. Bh6 Nd7 54. Qd8+ Kh7 55. Bf8 Qe6 56. Qe7+ Qxe7 57. Bxe7 Kg6 58. Bxd6 Kf6 59. Bc7 Ke6 60. Bd8 Nf8 61. Kf3 Ng6 62. Bc7 Kd7 0-1


[Site "https://www.chess.com"]

[Event "Titled Tuesday Blitz November 29 Early 2022"]
[White "Ginzburg, Yakov"]
[Black "Fernandez Siles, Luis"]
[WhiteFideId "4157176"]
[BlackFideId "2209420"]
[WhiteElo "2305"]
[BlackElo "2186"]
[Result "1-0"]
[Round "06"]
[TimeControl "180+1"]
[Date "2022.11.30"]
[WhiteClock "0:00:12"]
[BlackClock "0:00:04"]

1. e4 c5 2. Nf3 Nc6 3. d4 cxd4 4. Nxd4 Nf6 5. Nc3 e5 6. Ndb5 d6 7. Bg5 a6 8. Na3 b5 9. Nd5 Be7 10. Bxf6 Bxf6 11. c3 O-O 12. Bd3 Rb8 13. Nc2 a5 14. g3 Bg5 15. h4 Bh6 16. Qe2 b4 17. cxb4 axb4 18. O-O Be6 19. Bc4 Kh8 20. Nde3 Nd4 21. Nxd4 exd4 22. Nf5 d5 23. Bd3 dxe4 24. Qxe4 Bxf5 25. Qxf5 g6 26. Qf3 Bg7 27. Rfe1 Qf6 28. Qe4 h5 29. a4 Kh7 30. a5 Rbe8 31. Qxe8 Rxe8 32. Rxe8 Qf3 33. Bf1 d3 34. Re3 Qf5 35. Bxd3 Qg4 36. Be2 Qh3 37. Bf1 Qg4 38. a6 Bd4 39. Rd3 Ba7 40. Bg2 Kh6 41. Rad1 f5 42. Rd7 1-0


[Site "https://www.chess.com"]

[Event "Titled Tuesday Blitz November 29 Early 2022"]
[White "Goltsev, Dmitry"]
[Black "Postnikov, Daniil"]
[WhiteFideId "24176710"]
[BlackFideId "4166329"]
[WhiteElo "2289"]
[BlackElo "2261"]
[Result "0-1"]
[Round "06"]
[TimeControl "180+1"]
[Date "2022.11.30"]
[WhiteClock "0:01:24"]
[BlackClock "0:02:17"]

1. e4 e6 2. d4 d5 3. exd5 exd5 4. Nf3 Nf6 5. Bd3 c5 6. O-O Be7 7. dxc5 Bxc5 8. Re1+ Be6 9. Nc3 O-O 10. Be3 Bxe3 11. Rxe3 Nc6 12. Ne2 Ng4 13. Nf4 Nxe3 14. fxe3 Qb6 15. Qe1 Rae8 16. Qh4 h6 17. g4 Qxe3+ 18. Kg2 Qxf4 19. h3 Nd4 20. Rf1 Nxf3 21. Rxf3 Qg5 22. Qf2 d4 23. Rf4 Bd5+ 24. Kh2 Re3 25. h4 Qe5 26. Kg1 Rh3 27. Qxd4 Qe1+ 28. Bf1 Rh1# 0-1


[Site "https://www.chess.com"]

[Event "Titled Tuesday Blitz November 29 Early 2022"]
[White "Grabinsky, Vladimir"]
[Black "Mrudul Dehankar"]
[WhiteFideId "14107074"]
[BlackFideId "25096990"]
[WhiteElo "2198"]
[BlackElo "2068"]
[Result "0-1"]
[Round "06"]
[TimeControl "180+1"]
[Date "2022.11.30"]
[WhiteClock "0:00:01"]
[BlackClock "0:00:18"]

1. e4 c6 2. d4 d5 3. e5 Bf5 4. Nf3 e6 5. Be2 Ne7 6. O-O Nd7 7. Nbd2 Bg6 8. Nb3 Nf5 9. Bd2 h5 10. a4 Be7 11. a5 Qc7 12. Rc1 b5 13. axb6 axb6 14. c4 dxc4 15. Rxc4 O-O 16. Qc1 Rfc8 17. Bg5 Bf8 18. Nh4 Nxh4 19. Bxh4 c5 20. Bf3 Rab8 21. Rd1 b5 22. Rc3 c4 23. Nd2 Nb6 24. Be4 Nd5 25. Bxd5 exd5 26. f4 b4 27. Rg3 Qb6 28. Nf3 Bf5 29. Bf6 c3 30. b3 c2 31. Rd2 Rc3 32. Nh4 Be4 33. Rxc3 bxc3 34. Rxc2 Bxc2 35. Qxc2 Qxd4+ 36. Kh1 Qd2 37. Qxd2 cxd2 0-1


[Site "https://www.chess.com"]

[Event "Titled Tuesday Blitz November 29 Early 2022"]
[White "Grapsa, Georgia"]
[Black "Kuznetsova, Olga"]
[WhiteFideId "4206436"]
[BlackFideId "4191323"]
[WhiteElo "1877"]
[BlackElo "2134"]
[Result "0-1"]
[Round "06"]
[TimeControl "180+1"]
[Date "2022.11.30"]
[WhiteClock "0:00:13"]
[BlackClock "0:00:21"]

1. e4 e6 2. b3 c5 3. Bb2 Nc6 4. Bb5 Nd4 5. Bd3 b6 6. Nf3 Nxf3+ 7. Qxf3 Bb7 8. Nc3 Nf6 9. O-O-O d6 10. g4 e5 11. g5 Nd7 12. h4 a6 13. Bc4 Qe7 14. Nd5 Bxd5 15. Bxd5 Rb8 16. Kb1 f6 17. c3 b5 18. d4 Nb6 19. dxc5 dxc5 20. gxf6 Qxf6 21. Qg3 c4 22. Rhg1 Rd8 23. Qe3 Nxd5 24. exd5 Bd6 25. Qe4 O-O 26. bxc4 bxc4 27. Qxc4 Rb8 28. Rd2 Rfc8 29. Qd3 Rb5 30. c4 Rb4 31. Rc1 Rcb8 32. Ka1 Bc5 33. Qe4 Rxb2 34. Rxb2 Bd4 35. Rc2 Rxb2 36. Rxb2 Qxf2 37. Qb1 Bc3 38. a3 Qd4 39. Ka2 Bxb2 40. Qxb2 Qxc4+ 41. Qb3 Qxb3+ 42. Kxb3 Kf8 43. Kc4 Ke7 44. Kd3 Kd6 45. Ke4 g6 46. a4 a5 47. h5 gxh5 0-1


[Site "https://www.chess.com"]

[Event "Titled Tuesday Blitz November 29 Early 2022"]
[White "Gurevich, Dmitry"]
[Black "Czopor, Maciej"]
[WhiteFideId "2000407"]
[BlackFideId "21805431"]
[WhiteElo "2506"]
[BlackElo "2324"]
[Result "0-1"]
[Round "06"]
[TimeControl "180+1"]
[Date "2022.11.30"]
[WhiteClock "0:00:01"]
[BlackClock "0:00:28"]

1. d4 Nf6 2. c4 g6 3. Nc3 Bg7 4. e4 O-O 5. Nf3 d6 6. Be2 Nc6 7. d5 Nb8 8. O-O c6 9. Bf4 Na6 10. h3 Re8 11. Qc2 Bd7 12. Rad1 Rb8 13. dxc6 bxc6 14. c5 Nxc5 15. e5 Nh5 16. Bh2 Bf5 17. Qc1 Qb6 18. g4 Be6 19. Nd4 dxe5 20. Nxe6 Nxe6 21. gxh5 Qxb2 22. hxg6 hxg6 23. Bc4 Nd4 24. Qxb2 Rxb2 25. Rfe1 Nf3+ 26. Kg2 Nxe1+ 27. Rxe1 Rc2 28. Re3 e4 29. Bxf7+ Kxf7 30. Nxe4 Rxa2 31. Ng5+ Kg8 32. Ne6 Bf6 33. Nf4 Kf7 34. Nd3 a5 35. Ne5+ Bxe5 36. Bxe5 a4 37. Rc3 Ke6 38. Bf4 Kd5 39. Be3 e5 40. Kf3 a3 41. Rc5+ Kd6 42. Ra5 e4+ 43. Kg4 Ke6 44. Kg5 Rd8 45. Kxg6 Ra1 46. Kg5 Rf8 47. Kh4 a2 48. Ra4 Rh8+ 0-1


[Site "https://www.chess.com"]

[Event "Titled Tuesday Blitz November 29 Early 2022"]
[White "Han, Yichen"]
[Black "Ljukin, Sergei"]
[WhiteFideId "1054430"]
[BlackFideId "14102200"]
[WhiteElo "2323"]
[BlackElo "2312"]
[Result "0-1"]
[Round "06"]
[TimeControl "180+1"]
[Date "2022.11.30"]
[WhiteClock "0:01:20"]
[BlackClock "0:00:18"]

1. d4 d5 2. c4 c6 3. Nf3 Nf6 4. e3 e6 5. Bd3 dxc4 6. Bxc4 b5 7. Bd3 a6 8. O-O Bb7 9. a4 b4 10. Nbd2 c5 11. Qe2 Nc6 12. Nb3 cxd4 13. exd4 Be7 14. Bf4 O-O 15. Rac1 Nd5 16. Bg3 Qb6 17. Nc5 Nxd4 18. Nxd4 Bxc5 19. a5 Qa7 20. Nb3 Be7 21. Qh5 g6 22. Qh6 Bf6 23. Nc5 Bxb2 24. Rc2 Bg7 25. Qh4 b3 26. Nxb3 Rac8 27. Rfc1 Bf6 28. Qh6 Rxc2 29. Rxc2 Nb4 30. Bd6 Bg7 31. Qd2 Nxc2 32. Bxf8 Bxf8 33. Qxc2 Bd5 34. Nd2 Qb7 35. Ne4 Be7 36. f3 Qb4 37. Qc8+ Kg7 38. Qc3+ Qxc3 39. Nxc3 Bb7 40. Na2 Kf6 41. Kf2 Ke5 42. Ke3 Bc5+ 43. Ke2 Kd4 44. h4 h5 45. g4 Be7 46. g5 Kc5 47. Nc1 Bd8 48. Nb3+ Kb4 49. Nd4 Bxa5 50. f4 Bc7 51. Ke3 Bb6 52. Be2 Kc3 0-1


[Site "https://www.chess.com"]

[Event "Titled Tuesday Blitz November 29 Early 2022"]
[White "Hartikainen, Jarmo"]
[Black "Valle Maytin, Luis Enrique"]
[WhiteFideId "503134"]
[BlackFideId "3503666"]
[WhiteElo "2212"]
[BlackElo "2225"]
[Result "0-1"]
[Round "06"]
[TimeControl "180+1"]
[Date "2022.11.30"]
[WhiteClock "0:00:11"]
[BlackClock "0:00:09"]

1. e4 c6 2. d4 d5 3. Nc3 dxe4 4. Nxe4 Nf6 5. Nxf6+ exf6 6. Bf4 Bd6 7. Qf3 O-O 8. Bd3 Re8+ 9. Ne2 Na6 10. c3 Nc7 11. h4 Be6 12. h5 Bd5 13. Qg3 Bxf4 14. Qxf4 Ne6 15. Qf5 Ng5 16. O-O-O Bxa2 17. c4 b5 18. f4 bxc4 19. fxg5 cxd3 20. Qxd3 Qd5 21. gxf6 Bc4 22. Nf4 Qg5 23. Qxc4 Qxf4+ 24. Kb1 Qe4+ 25. Qc2 Qd5 26. fxg7 Rab8 27. Rhe1 Rxe1 28. Rxe1 Qxd4 29. Rd1 Qxg7 30. Rd3 Qe5 31. Rb3 Qe1+ 32. Ka2 Qa5+ 33. Kb1 Qe1+ 34. Ka2 Re8 35. Qc3 Qe6 36. Qg3+ Kh8 37. h6 Qxh6 38. Re3 Qxe3 39. Qh4 Qe6+ 40. Ka3 c5 41. Qf2 Qa6+ 42. Kb3 Qb5+ 43. Ka2 Qa4+ 0-1


[Site "https://www.chess.com"]

[Event "Titled Tuesday Blitz November 29 Early 2022"]
[White "Havas, Ladislav"]
[Black "Atakhan, Abtin"]
[WhiteFideId "14501090"]
[BlackFideId "22502203"]
[WhiteElo "2199"]
[BlackElo "2298"]
[Result "1-0"]
[Round "06"]
[TimeControl "180+1"]
[Date "2022.11.30"]
[WhiteClock "0:01:28"]
[BlackClock "0:00:34"]

1. d4 Nf6 2. Bg5 Ne4 3. h4 c5 4. dxc5 Na6 5. c3 Naxc5 6. Nf3 Qb6 7. b4 Ne6 8. Be3 Qc7 9. Qd3 d5 10. g3 g6 11. Bg2 Bg7 12. Nd4 Nxd4 13. Bxd4 e5 14. Be3 Nf6 15. O-O Bf5 16. Qb5+ Bd7 17. Qc5 Qxc5 18. Bxc5 b6 19. Bd6 Ne4 20. Bxe4 dxe4 21. Nd2 Rc8 22. Nxe4 f5 23. Ng5 Rc6 24. Rad1 h6 25. Nf3 e4 26. Nd4 Rxd6 27. Nxf5 Rxd1 28. Nxg7+ Kf7 29. Rxd1 Ba4 30. Rd4 Kxg7 31. Rxe4 Re8 32. Rxe8 Bxe8 33. e4 Bf7 34. a3 Kf6 35. f4 Ke6 36. Kf2 Kd6 37. Ke3 Kc6 38. Kd4 Kb5 39. g4 Ka4 40. f5 Kxa3 41. e5 gxf5 42. gxf5 a5 43. e6 Bg8 44. bxa5 bxa5 45. Ke5 a4 46. f6 Kb3 47. f7 1-0


[Site "https://www.chess.com"]

[Event "Titled Tuesday Blitz November 29 Early 2022"]
[White "Hrabinska, Myroslava"]
[Black "Donskov, Anatoly"]
[WhiteFideId "14109190"]
[BlackFideId "24143413"]
[WhiteElo "2171"]
[BlackElo "2219"]
[Result "0-1"]
[Round "06"]
[TimeControl "180+1"]
[Date "2022.11.30"]
[WhiteClock "0:00:01"]
[BlackClock "0:00:14"]

1. e4 c5 2. b4 cxb4 3. a3 Nf6 4. e5 Nd5 5. axb4 g6 6. b5 Bg7 7. d4 O-O 8. Nf3 d6 9. c4 Nb6 10. Be2 dxe5 11. dxe5 Qxd1+ 12. Kxd1 Rd8+ 13. Nbd2 Be6 14. Kc2 N8d7 15. Bb2 Bf5+ 16. Kb3 Nc5+ 17. Kb4 Rdc8 18. Bd4 Nbd7 19. Rhc1 b6 20. Rc3 Ne6 21. Be3 Nec5 22. Re1 e6 23. Bf4 Bf8 24. Nd4 Nd3+ 25. Kb3 Nxe1 26. Nxf5 gxf5 0-1


[Site "https://www.chess.com"]

[Event "Titled Tuesday Blitz November 29 Early 2022"]
[White "Hristodoulou, Panagiotis"]
[Black "Poltorak, Sebastian"]
[WhiteFideId "4214340"]
[BlackFideId "1199498"]
[WhiteElo "2272"]
[BlackElo "2196"]
[Result "0-1"]
[Round "06"]
[TimeControl "180+1"]
[Date "2022.11.30"]
[WhiteClock "0:01:34"]
[BlackClock "0:02:33"]

1. e4 c6 2. d4 d5 3. exd5 cxd5 4. Bd3 Nc6 5. c3 Nf6 6. Bf4 Bg4 7. Ne2 e6 8. Nd2 Bd6 9. Bxd6 Qxd6 10. O-O O-O 11. Qe1 Rab8 12. h3 Bh5 13. f4 Bg6 14. Bxg6 hxg6 15. Nc1 b5 16. a3 Na5 17. Nd3 Nc4 18. Ne5 Nxb2 0-1


[Site "https://www.chess.com"]

[Event "Titled Tuesday Blitz November 29 Early 2022"]
[White "Ibarra Jerez, Jose Carlos"]
[Black "Trost, Edvin"]
[WhiteFideId "2226332"]
[BlackFideId "1729519"]
[WhiteElo "2925"]
[BlackElo "2664"]
[Result "1-0"]
[Round "06"]
[TimeControl "180+1"]
[Date "2022.11.30"]
[WhiteClock "0:01:01"]
[BlackClock "0:00:16"]

1. Nf3 Nf6 2. g3 b6 3. Bg2 Bb7 4. c4 e6 5. O-O Be7 6. b3 O-O 7. Bb2 d6 8. Nc3 Ne4 9. Na4 Nf6 10. d3 Nbd7 11. e4 c5 12. Nc3 a6 13. Re1 Ne5 14. d4 cxd4 15. Nxd4 Qc7 16. Rc1 Rac8 17. f4 Ned7 18. f5 e5 19. Nd5 Qd8 20. Nxe7+ Qxe7 21. Nc2 Nc5 22. Ba3 Ncxe4 23. Ne3 Rfd8 24. g4 h6 25. Qe2 Nc5 26. h4 Bxg2 27. Qxg2 Nh7 28. Qh3 f6 29. Nd5 Qb7 30. Qg2 Qf7 31. Bxc5 bxc5 32. Rc3 Re8 33. Re4 Qa7 34. Rh3 a5 35. a4 Kf7 36. Qe2 Rh8 37. Rg3 Ke8 38. Nc3 Rd8 39. Rd3 Qb6 40. Nb5 Ke7 41. Qd2 Rd7 42. Nc3 Qa7 43. Nd5+ Kf7 44. Qe2 Rb8 45. g5 fxg5 46. Qh5+ Kg8 47. hxg5 Nxg5 48. Rg4 Rf8 49. Rxg5 hxg5 50. Rh3 Rxf5 51. Qh7+ Kf7 52. Qxf5+ Kg8 53. Qe6+ 1-0


[Site "https://www.chess.com"]

[Event "Titled Tuesday Blitz November 29 Early 2022"]
[White "Iinuma, Paul Y"]
[Black "Shapiro, Daniel"]
[WhiteFideId "2031809"]
[BlackFideId "2001780"]
[WhiteElo "2066"]
[BlackElo "2321"]
[Result "1-0"]
[Round "06"]
[TimeControl "180+1"]
[Date "2022.11.30"]
[WhiteClock "0:01:43"]
[BlackClock "0:00:10"]

1. Nf3 Nf6 2. g3 d5 3. Bg2 e6 4. O-O Be7 5. d3 b6 6. Nbd2 Bb7 7. Re1 c5 8. e4 Nc6 9. e5 Nd7 10. Nf1 Qc7 11. Bf4 h6 12. h4 O-O-O 13. c3 Rdg8 14. d4 g5 15. hxg5 hxg5 16. Be3 f5 17. exf6 Bxf6 18. Qd2 g4 19. Bf4 e5 20. Nxe5 Ncxe5 21. dxe5 Bxe5 22. Bxd5 Bxd5 23. Qxd5 Bxf4 24. gxf4 Qxf4 25. Re3 Qh6 26. Rd1 Rg7 27. Ng3 Qh2+ 28. Kf1 Rf8 29. Nf5 Rh7 30. Nd6+ Kd8 31. Qa8+ 1-0


[Site "https://www.chess.com"]

[Event "Titled Tuesday Blitz November 29 Early 2022"]
[White "Ingebretsen, Jens E"]
[Black "Rosenberg, Evan S"]
[WhiteFideId "1522965"]
[BlackFideId "2019299"]
[WhiteElo "2213"]
[BlackElo "2412"]
[Result "1-0"]
[Round "06"]
[TimeControl "180+1"]
[Date "2022.11.30"]
[WhiteClock "0:00:21"]
[BlackClock "0:00:08"]

1. d4 d5 2. Nf3 Bf5 3. c4 e6 4. Qb3 Nc6 5. cxd5 Nb4 6. Na3 exd5 7. Bg5 Nf6 8. e3 c6 9. Be2 Bd6 10. O-O O-O 11. Nh4 Be4 12. f3 Bg6 13. Nxg6 hxg6 14. Nb1 Qc7 15. Kh1 a5 16. Nc3 Bxh2 17. f4 Bg3 18. Bxf6 gxf6 19. Rf3 Bh4 20. g3 Bxg3 21. Rxg3 Kg7 22. a3 Rh8+ 23. Kg2 Na6 24. Bd3 Qe7 25. Qc2 Rh6 26. Rh1 Rah8 27. Rxh6 Rxh6 28. Bxa6 bxa6 29. Nd1 a4 30. Nf2 Rh8 31. Qxc6 Rb8 32. Qxd5 Rxb2 33. Qf3 Qxa3 34. f5 g5 35. e4 Qxf3+ 36. Rxf3 Rb3 37. Nd1 Rxf3 38. Kxf3 a3 39. Nc3 Kf8 40. Na2 Ke7 41. Kg4 Kd6 42. Nb4 a5 43. Na2 Kc6 44. e5 fxe5 45. dxe5 Kd5 46. e6 fxe6 47. f6 Kd6 48. Kxg5 Kd7 49. Kg6 Ke8 50. Kg7 e5 51. f7+ Ke7 52. f8=Q+ Ke6 53. Qxa3 e4 54. Qxa5 e3 55. Qe1 Kf5 56. Nc1 Kf4 57. Ne2+ Kf3 58. Nd4+ Ke4 59. Nf5 Kf4 60. Qxe3+ Kxf5 61. Qc5+ Kg4 62. Kg6 Kf4 63. Qd5 Kg4 64. Qd4+ Kh3 65. Kg5 Kg3 66. Qd3+ Kh2 67. Kg4 Kg2 68. Qd2+ Kh1 69. Kg3 Kg1 70. Qc1# 1-0


[Site "https://www.chess.com"]

[Event "Titled Tuesday Blitz November 29 Early 2022"]
[White "Ismayil, Malak"]
[Black "Hoffmann, Asa"]
[WhiteFideId "13412604"]
[BlackFideId "2001470"]
[WhiteElo "1879"]
[BlackElo "2117"]
[Result "1-0"]
[Round "06"]
[TimeControl "180+1"]
[Date "2022.11.30"]
[WhiteClock "0:00:02"]
[BlackClock "0:00:03"]

1. e4 d6 2. d4 Nf6 3. Nc3 c6 4. g3 Nbd7 5. Bg2 e5 6. Nge2 Be7 7. O-O b5 8. a3 Qc7 9. d5 cxd5 10. Nxd5 Nxd5 11. Qxd5 Rb8 12. Nc3 a6 13. Be3 Bb7 14. Qd2 Nf6 15. Bg5 O-O 16. Bxf6 Bxf6 17. Rad1 Rfd8 18. Qe2 Rbc8 19. Rd3 Qc4 20. Rfd1 Be7 21. Qd2 h6 22. h4 a5 23. b3 Qc5 24. b4 axb4 25. axb4 Qxb4 26. Rb1 Qc4 27. Rxb5 Ba6 28. Rb3 Qc5 29. Nd5 Bf8 30. Rdc3 Qd4 31. Qxd4 exd4 32. Rxc8 Rxc8 33. Rb6 Bc4 34. Bh3 Re8 35. Bg2 Bxd5 36. exd5 Rc8 37. Rc6 Ra8 38. Rc4 Ra2 39. Be4 g6 40. Rxd4 f5 41. Rc4 fxe4 42. Rxe4 Bg7 43. Re6 Be5 44. Rxg6+ Kh7 45. Re6 Rxc2 46. f4 Bd4+ 47. Kh1 Bc5 48. h5 Rd2 49. Re7+ Kg8 50. g4 Rxd5 51. Kg2 Rd3 52. Re6 Kg7 53. g5 hxg5 54. fxg5 Rd5 55. Rg6+ Kh7 56. Kf3 Bb6 57. Kg4 Bd8 58. Rh6+ Kg7 59. Rg6+ Kf7 60. Kf4 Rd4+ 61. Kf5 Rd1 62. Kg4 Rg1+ 63. Kf5 Rh1 64. Rh6 d5 65. Rh7+ Kg8 66. Kg6 Rg1 67. Rd7 Rxg5+ 68. Kh6 1-0


[Site "https://www.chess.com"]

[Event "Titled Tuesday Blitz November 29 Early 2022"]
[White "Ivic, Velimir"]
[Black "Deac, Bogdan-Daniel"]
[WhiteFideId "950122"]
[BlackFideId "1226380"]
[WhiteElo "2854"]
[BlackElo "3044"]
[Result "0-1"]
[Round "06"]
[TimeControl "180+1"]
[Date "2022.11.30"]
[WhiteClock "0:00:01"]
[BlackClock "0:00:03"]

1. e4 c6 2. d4 d5 3. e5 Bf5 4. h4 h5 5. Bd3 Bxd3 6. Qxd3 e6 7. Bg5 Be7 8. Nf3 Nh6 9. Nc3 Nf5 10. a3 Nd7 11. Ne2 c5 12. c3 Qb6 13. Bxe7 Nxe7 14. O-O Qa6 15. Qd2 Nf5 16. Ng3 g6 17. Nxf5 gxf5 18. b4 c4 19. a4 Qb6 20. b5 Qd8 21. Ng5 Nf8 22. g3 Ng6 23. Nh3 Qe7 24. Kh2 O-O-O 25. a5 Rdg8 26. Rg1 Kb8 27. Qg5 Qf8 28. Qe3 Rg7 29. Qf3 Qe7 30. Ng5 Nf8 31. Nh3 Rg4 32. Qe2 Rhg8 33. f3 R4g7 34. Qe3 Rh8 35. Nf4 Ng6 36. Nh3 Rhg8 37. Qh6 Qf8 38. Qe3 Qd8 39. Qg5 Qf8 40. Qf6 Rh8 41. a6 b6 42. Rg2 Rh6 43. Qg5 Rgh7 44. Qe3 Rh8 45. Qd2 Rg8 46. Rgg1 Rhh8 47. Qe3 Rg7 48. Rg2 Rhg8 49. Rgg1 Qe7 50. Qg5 Qe8 51. Qe3 Qf8 52. Qd2 Qe8 53. Qe3 Qxb5 54. Qd2 Qc6 55. Qe3 Qc7 56. Qd2 Ne7 57. Ng5 Nc6 58. Rgb1 Rg6 59. Qe3 Ka8 60. Rb5 Rb8 61. Qd2 Qc8 62. Qa2 Qd7 63. Qa4 Qc7 64. Rab1 Rc8 65. Qa3 Rgg8 66. Qa4 Rgd8 67. Nh3 Rd7 68. Nf4 Rh8 69. Kh3 Nb8 70. Qa3 Rdd8 71. R5b2 Rdg8 72. Kh2 Rh7 73. Nh3 Rhg7 74. Ng5 Qd8 75. f4 Qd7 76. Ra2 Rc8 77. Rab2 Rgg8 78. Rb5 Rc6 79. Qa4 Rgc8 80. Ra1 R8c7 81. Qb4 Qc8 82. Qa4 Qd8 83. Ra2 f6 84. exf6 Qxf6 85. Re2 Qg6 86. Rb1 Qe8 87. Rbe1 Qc8 88. Rxe6 Rxe6 89. Rxe6 Qxa6 90. Qxa6 Nxa6 91. Rd6 Nb4 92. Rd8+ Kb7 93. g4 fxg4 94. f5 Nc6 95. Re8 Nxd4 96. f6 Nf3+ 97. Kg3 d4 98. f7 Rxf7 99. Nxf7 dxc3 100. Re3 c2 101. Rc3 Nd4 102. Nd6+ Kc6 103. Rxc4+ Kd5 104. Rc8 Kxd6 105. Kf2 Nc6 0-1


[Site "https://www.chess.com"]

[Event "Titled Tuesday Blitz November 29 Early 2022"]
[White "Jakubowski, Krzysztof"]
[Black "Salman, Pavel"]
[WhiteFideId "1112848"]
[BlackFideId "24153753"]
[WhiteElo "2373"]
[BlackElo "2187"]
[Result "0-1"]
[Round "06"]
[TimeControl "180+1"]
[Date "2022.11.30"]
[WhiteClock "0:02:14"]
[BlackClock "0:02:06"]

1. e4 c5 2. Nf3 e6 3. d4 cxd4 4. Nxd4 a6 5. Nc3 Qc7 6. Bd3 Nf6 7. O-O d6 8. Kh1 Be7 9. a4 Nbd7 10. f4 Nc5 11. Qe1 Bd7 12. Bd2 O-O 13. Qg3 Nxd3 14. Qxd3 Rac8 15. Rae1 Qc4 16. Qg3 Qxd4 0-1


[Site "https://www.chess.com"]